 Dungeon Crawl Stone Soup version 0.30-a0-779-g7971cf19c3 (webtiles) character file.

Game seed: 5338966279254619324

34 sanka the Shooter (level 3, -1/29 HPs)
             Began as a Demigod Hunter on Feb 18, 2023.
             Slain by a goblin
             ... wielding a +0 club
             ... led by Robin
              (5 damage)
             ... on level 2 of the Dungeon.
             The game lasted 00:01:41 (1145 turns).

sanka the Shooter (Demigod Hunter)                  Turns: 1145, Time: 00:01:42

Health: -1/29      AC:  3    Str: 12    XL:     3   Next: 1%
Magic:  5/5        EV: 12    Int: 11    God:
Gold:   64         SH:  0    Dex: 21    Spells: 2/2 levels left

rFire   . . .      SeeInvis .    a - +0 shortbow
rCold   . . .      Faith    .    (shield currently unavailable)
rNeg    + . .      Spirit   .    c - +0 leather armour
rPois   .          Reflect  .    (no helmet)
rElec   .          Harm     .    (no cloak)
rCorr   .          Rampage  .    (no gloves)
Will    .....                    (no boots)
Stlth   ++                       (no amulet)
HPRegen 0.24/turn                (no ring)
MPRegen 0.09/turn                g - ring of positive energy

@: no status effects
A: high MP 1, forlorn, divine attributes
a: no special abilities


You were on level 2 of the Dungeon.
You visited 1 branch of the dungeon, and saw 2 of its levels.

You collected 64 gold pieces.


Innate Abilities, Weirdness & Mutations

You have an increased reservoir of magic. (+10% MP)
You shall have no god before yourself.
Your divine heritage dramatically boosts your attributes as you level up.


   Skills:
 - Level 2.0 Fighting
 + Level 4.5 Ranged Weapons
 - Level 1.7 Dodging
 - Level 0.8 Stealth


You had 2 spell levels left.
You didn't know any spells.
Your spell library contained the following spells:

 Spells                   Type           Power      Damage    Failure   Level
 Dazzling Flash           Conj/Hex       0%         N/A       80%         3
 Iskenderun's Mystic Bla  Conj/Tloc      0%         2d3       99%         4
 Starburst                Conj/Fire      0%         6d3       100%        6

Inventory:

Hand Weapons
 a - a +0 shortbow (weapon)
Armour
 c - a +0 leather armour (worn)
Jewellery
 g - a ring of positive energy (right hand)
Scrolls
 b - a scroll of immolation {!r}
 d - a scroll of identify {unknown}
 f - a scroll of enchant weapon {unknown}
 h - a scroll of summoning {unknown}
 i - a scroll of teleportation {unknown}
 j - a scroll of blinking {unknown}
Potions
 e - a potion of magic {unknown}
 k - a potion of attraction {unknown}

Dungeon Overview and Level Annotations

Branches:
Dungeon (2/15)

Annotations:
D:2 Robin

▒.▒▒.....▒▒.▒▒....)▒.▒
▒▒▒▒▒▒.▒▒.._..▒▒.▒▒......▒
.......▒▒......>.........▒
▒▒▒▒▒▒▒▒▒.....▒▒.▒▒......▒
▒.......▒▒▒.........▒
▒.▒▒▒▒..▒ ▒g.....▒ ▒ ▒▒.▒
▒▒....▒.▒ ▒.▒▒▒▒▒▒....▒
▒...gpggg..▒.▒
▒▒▒▒▒▒▒▒..▒.▒.. ▒..▒▒....
▒.▒...... ▒........
▒▒.▒.▒... ...▒ . ....


You could see Robin, a hobgoblin (strong) and 2 goblins.


Message History

Robin throws the goblin at you!
* * * LOW HITPOINT WARNING * * *
The goblin hits you with a +0 club.
* * * LOW HITPOINT WARNING * * *
You shoot an arrow. The arrow barely misses the goblin.
The goblin barely misses you.
Robin roars a battlecry!
The hobgoblin goes into a battle-frenzy!
The goblin closely misses you.
You shoot an arrow.
The arrow hits Robin but does no damage.
Robin is heavily wounded.
Robin misses you. The goblin misses you.
You shoot an arrow. The arrow hits Robin!
Robin is almost dead.
Robin barely misses you. The goblin barely misses you.
You shoot an arrow.
The arrow hits Robin but does no damage.
Robin is almost dead.
Robin barely misses you. The goblin hits you with a +0 club.
* * * LOW HITPOINT WARNING * * *
Robin says, "My goblins will feast on your bones."
Robin closely misses you. The goblin hits you with a +0 club.
You die...

Action                     || total
---------------------------++-------
   Fire: Shortbow          ||    72
 Armour: Leather armour    ||    11
  Dodge: Dodged            ||    37

Levels and vault maps discovered:
D:1:      minmay_arrival_semitransparent, layout_basic, serial_forest,
          infiniplex_forest_3_way, infiniplex_forest_clump_cross,
          infiniplex_forest_straight_3, infiniplex_forest_clump_curved,
          infiniplex_forest_lined_2, infiniplex_forest_lined_room_2
D:2:      layout_loops_corners, basic_altar, minmay_misc_feat_secret_circle,
          hangedman_decor_growths, minmay_misc_feat_more_columns,
          amethyst_killhole, minmay_pentomino_o4, uniq_crazy_yiuf_cottage,
          uniq_robin

Notes
Turn   | Place    | Note
-------+----------+-------------------------------------------
     0 | D:1      | sanka the Demigod Hunter began the quest for the Orb.
     0 | D:1      | Reached XP level 1. HP: 17/17 MP: 3/3
    30 | D:1      | Reached skill level 2 in Fighting
   111 | D:1      | Reached skill level 4 in Ranged Weapons
   128 | D:1      | Reached XP level 2. HP: 24/24 MP: 4/4
  1124 | D:2      | Noticed Robin
  1127 | D:2      | Reached XP level 3. HP: 29/29 MP: 5/5
  1145 | D:2      | Slain by a goblin

Vanquished Creatures
  A dart slug (D:1)
  3 endoplasms (D:1)
  3 giant cockroaches
  4 goblins (D:2)
  3 hobgoblins (D:2)
  2 jackals (D:1)
  5 bats
  4 kobolds (D:1)
  A rat (D:1)
26 creatures vanquished.
